 Dungeon Crawl Stone Soup version 0.29-a0-553-g81b289dbe5 (webtiles) character file.

Game seed: 8555640765357901168

81 DocClef the Covert (level 4, 0/41 HPs)
             Began as a Gnoll Delver on June 6, 2022.
             Slain by an orc wizard
             ... wielding a +0 dagger
              (1 damage)
             ... on level 5 of the Dungeon.
             The game lasted 00:00:29 (692 turns).

DocClef the Covert (Gnoll Delver)                    Turns: 692, Time: 00:00:30

Health: 0/41       AC:  3    Str: 13    XL:     4   Next: 42%
Magic:  5/5        EV: 13    Int:  9    God:
Gold:   42         SH:  0    Dex: 14    Spells: 5/5 levels left

rFire   . . .      SeeInvis .   h - +2 hand axe (flame)
rCold   . . .      Faith    .   (no shield)
rNeg    . . .      Spirit   .   b - +0 leather armour
rPois   .          Reflect  .   (no helmet)
rElec   .          Harm     .   (no cloak)
rCorr   .          Rampage  .   (no gloves)
Will    .....                   (no boots)
Stlth   ++++......              (no amulet)
HPRegen 0.13/turn               (no ring)
MPRegen 0.09/turn               (no ring)

@: no status effects
A: fangs 1, strong nose, distributed training
a: no special abilities


You were on level 5 of the Dungeon.
You visited 1 branch of the dungeon, and saw 1 of its levels.

You collected 42 gold pieces.

Inventory:

Hand Weapons
 a - a +0 short sword
 h - a +2 hand axe of flaming (weapon)
Armour
 b - a +0 leather armour (worn)
Wands
 g - a wand of digging (3)
Scrolls
 c - a scroll of fog
 d - a scroll of magic mapping
 e - a scroll of fear
 j - a scroll of enchant armour {unknown}
 m - a scroll of identify {unknown}
Potions
 f - a potion of haste
 i - a potion of attraction {unknown}
 k - 2 potions of resistance {unknown}
 l - a potion of curing {unknown}


   Skills:
 + Level 6.6 Fighting
 + Level 4.6 Short Blades
 + Level 1.1 Long Blades
 + Level 1.1 Axes
 + Level 1.1 Maces & Flails
 + Level 1.1 Polearms
 + Level 1.1 Staves
 + Level 1.1 Slings
 + Level 1.1 Bows
 + Level 1.1 Crossbows
 + Level 1.1 Throwing
 + Level 1.1 Armour
 + Level 4.6 Dodging
 + Level 9.6 Stealth
 + Level 1.1 Shields
 + Level 1.1 Unarmed Combat
 + Level 1.1 Spellcasting
 + Level 0.9 Conjurations
 + Level 0.9 Hexes
 + Level 0.9 Summonings
 + Level 0.9 Necromancy
 + Level 0.9 Translocations
 + Level 0.9 Transmutations
 + Level 0.9 Fire Magic
 + Level 0.9 Ice Magic
 + Level 0.9 Air Magic
 + Level 0.9 Earth Magic
 + Level 0.9 Poison Magic
 + Level 1.2 Invocations
 + Level 1.1 Evocations


You had 5 spell levels left.
You didn't know any spells.
Your spell library was empty.

Dungeon Overview and Level Annotations

Branches:
Dungeon (5/15)
 Temple: D:4-7

Altars:


Innate Abilities, Weirdness & Mutations

You have very sharp teeth.
Your uncanny sense of smell can sniff out nearby items.
Your experience applies equally to all skills.


Message History

You miss something. Something hits you.
You barely miss something. Something hits you but does no damage.
You hit something. You burn something. Something hits you.
You barely miss something.
You hear some strange, mumbled words.
A magic dart appears from out of thin air!
The magic dart hits you. Something hits you.
You hit something but do no damage. Your bite misses something.
You hear some strange, mumbled words.
You are confused.
You hear some strange, mumbled words.
A puff of flame appears from out of thin air!
The puff of flame misses you.
You bump into the rock wall.
You closely miss something. Something hits you.
You're too confused to move!
Something hits you.
You completely miss something. Something hits you.
You bump into the rock wall.
Something hits you.
You completely miss something.
You feel less confused. Something hits you. x2
You miss something. Your bite misses something. Something hits you.
* * * LOW HITPOINT WARNING * * *
You barely miss something.
You hear some strange, mumbled words.
A puff of flame appears from out of thin air!
The puff of flame misses you.
You hit something. You burn something. Something hits you but does no damage.
You miss something. Something hits you.
* * * LOW HITPOINT WARNING * * *
You barely miss something.
You hear some strange, mumbled words.
A magic dart appears from out of thin air!
The magic dart hits you!
* * * LOW HITPOINT WARNING * * *
Something hits you but does no damage.
You miss something. Something hits you.
* * * LOW HITPOINT WARNING * * *
You barely miss something. Something hits you.
You die...

# # #############
# #.o{@.......# #
#.#########.# # #
#.# # #####.# #
#.....######+##
##.###.......##
#...#.########
###.#.# #
######.#.########


You could see an orc.

Vanquished Creatures
  A hound (D:5)
  An iguana (D:5)
  2 adders (D:5)
  A dart slug (D:5)
  3 orcs (D:5)
8 creatures vanquished.

Notes
Turn   | Place    | Note
-------+----------+-------------------------------------------
     0 | D:5      | Reached skill level 9 in Stealth
     0 | D:5      | DocClef the Gnoll Delver began the quest for the Orb.
     0 | D:5      | Reached XP level 1. HP: 23/23 MP: 1/1
    30 | D:5      | Noticed a hound
    43 | D:5      | Killed a hound
    44 | D:5      | Reached XP level 2. HP: 16/29 MP: 2/2
    44 | D:5      | Reached XP level 3. HP: 19/35 MP: 3/3
   294 | D:5      | Reached skill level 1 in Invocations
   388 | D:5      | Reached skill level 1 in Long Blades
   388 | D:5      | Reached skill level 1 in Axes
   388 | D:5      | Reached skill level 1 in Maces & Flails
   388 | D:5      | Reached skill level 1 in Polearms
   388 | D:5      | Reached skill level 1 in Staves
   388 | D:5      | Reached skill level 1 in Slings
   388 | D:5      | Reached skill level 1 in Bows
   388 | D:5      | Reached skill level 1 in Crossbows
   388 | D:5      | Reached skill level 1 in Throwing
   388 | D:5      | Reached skill level 1 in Armour
   388 | D:5      | Reached skill level 1 in Shields
   388 | D:5      | Reached skill level 1 in Unarmed Combat
   388 | D:5      | Reached skill level 1 in Spellcasting
   388 | D:5      | Reached skill level 1 in Evocations
   388 | D:5      | Reached XP level 4. HP: 15/41 MP: 5/5
   691 | D:5      | HP: 1/41 [something (2)]
   692 | D:5      | Slain by an orc wizard

Illustrated notes

Levels and vault maps discovered:
D:5:      layout_basic, minmay_ruined_shrine

Skill      XL: |  1  2  3 |
---------------+----------+-----
Stealth        | |  9.6
Invocations    | 1 |  1.2
Long Blades    | 1 |  1.1
Axes           | 1 |  1.1
Maces & Flails | 1 |  1.1
Polearms       | 1 |  1.1
Staves         | 1 |  1.1
Slings         | 1 |  1.1
Bows           | 1 |  1.1
Crossbows      | 1 |  1.1
Throwing       | 1 |  1.1
Armour         | 1 |  1.1
Shields        | 1 |  1.1
Unarmed Combat | 1 |  1.1
Spellcasting   | 1 |  1.1
Evocations     | 1 |  1.1
Fighting       | |  6.6
Short Blades   | |  4.6
Dodging        | |  4.6
Conjurations   | |  0.9
Hexes          | |  0.9
Summonings     | |  0.9
Necromancy     | |  0.9
Translocations | |  0.9
Transmutations | |  0.9
Fire Magic     | |  0.9
Ice Magic      | |  0.9
Air Magic      | |  0.9
Earth Magic    | |  0.9
Poison Magic   | |  0.9

Action                   |  1- 3 |  4- 6 || total
-------------------------+-------+-------++-------
Melee: Short sword       |    10 |       ||    10
       Punch             |     1 |       ||     1
       Hand axe          |    12 |    25 ||    37
       Bite              |     2 |     1 ||     3
 Stab: Sleeping          |     1 |     1 ||     2
Armor: Leather armour    |     4 |     4 ||     8
Dodge: Dodged            |    13 |     4 ||    17

Table legend: (Time is in decaauts)
 A = Elapsed time spent in this place.
 B = Non-inter-level travel time spent in this place.
 C = Inter-level travel time spent in this place.
 D = Time resting spent in this place.
 E = Time spent auto-exploring this place.
 F = Levels seen in this place.
 G = Mean time per level.
                   A        B        C        D        E       F      G
               +--------+--------+--------+--------+--------+-----+--------+
         Total |    699 |    699 |      0 |    200 |    394 |   1 |  699.0 |
       Dungeon |    699 |    699 |      0 |    200 |    394 |   1 |  699.0 |
               +--------+--------+--------+--------+--------+-----+--------+

Top non-repeatable levels by time:
     D:5: 699 daAuts
